 Dungeon Crawl Stone Soup version 0.22-a0-142-g91cc6d7 (webtiles) character file.

130 Alarkh the Slasher (level 4, -1/52 HPs)
             Began as a Demonspawn Fighter on Feb 5, 2018.
             Slain by an iguana (8 damage)
             ... on level 4 of the Dungeon.
             The game lasted 00:01:53 (2000 turns).

Alarkh the Slasher (Demonspawn Fighter)             Turns: 2000, Time: 00:01:55

Health: -1/52      AC: 22    Str: 17    XL:     4   Next: 89%
Magic:  4/4        EV:  2    Int: 10    God:
Gold:   160        SH:  9    Dex: 17    Spells: 3/3 levels left

rFire    . . .     SeeInvis .   a - +0 long sword
rCold    . . .     Gourm    .   c - +0 shield
rNeg     + + +     Faith    .   (armour currently unavailable)
rPois    +         Spirit   .   (helmet currently unavailable)
rElec    .         Reflect  .   (cloak currently unavailable)
rCorr    .         Harm     .   (gloves currently unavailable)
MR       .....     NoTele   +   (boots currently unavailable)
Stlth    ++........             l - amulet of rage
HPRegen  0.17/turn              i - ring of loudness (curse)
MPRegen  0.09/turn              (no ring)

@: agile, tree-form
A: powered by pain 2
a: Evoke Berserk Rage


You were on level 4 of the Dungeon.
You were not hungry.
You were a tree.
You visited 1 branch of the dungeon, and saw 4 of its levels.

You collected 160 gold pieces.

Inventory:

Hand Weapons
 a - a +0 long sword (weapon)
Armour
 b - a +0 scale mail (melded)
 c - a +0 shield (worn)
Jewellery
 i - a cursed ring of loudness (left branch)
 l - an amulet of rage (around neck)
Wands
 t - a wand of random effects (23)
Scrolls
 g - a scroll of fear {unknown}
 h - 2 scrolls of remove curse {unknown}
 j - a scroll of enchant armour {unknown}
 k - a scroll of teleportation {unknown}
 n - 3 scrolls of identify {unknown}
 o - a scroll of random uselessness {unknown}
 s - a scroll of noise {unknown}
Potions
 d - a potion of magic {unknown}
 e - a potion of lignification
 m - a potion of degeneration {unknown}
 r - a potion of berserk rage {unknown}
Books
 q - a book of Minor Magic

   Spells                             Type                      Level
   a - Magic Dart                     Conjuration                  1
   b - Blink                          Translocation                2
   c - Call Imp                       Summoning                    2
   d - Slow                           Hexes                        2
   e - Conjure Flame                  Conjuration/Fire             3
   f - Mephitic Cloud                 Conjuration/Poison/Air       3
Comestibles
 f - 5 rations
 p - 4 chunks of flesh


   Skills:
 - Level 3.0 Fighting
 + Level 4.7 Long Blades
 - Level 2.6 Armour
 - Level 2.6 Shields


You had 3 spell levels left.
You didn't know any spells.

Dungeon Overview and Level Annotations

Branches:
Dungeon (4/15)
 Temple: D:4-7

Altars:
Uskayaw
The Shining One


Innate Abilities, Weirdness & Mutations

You sometimes gain power by taking damage.


Message History

The iguana bites you but does no damage.
You hit the ogre.
The ogre is heavily wounded.
You block the ogre's attack. The iguana bites you.
You hit the ogre.
The ogre is severely wounded.
The iguana bites you but does no damage.
The ogre hits you but does no damage.
You closely miss the ogre.
The ogre is severely wounded.
The iguana bites you but does no damage.
The ogre hits you with a giant spiked club!
* * * LOW HITPOINT WARNING * * *
You hit the ogre.
The ogre is severely wounded.
You block the iguana's attack.
The ogre hits you with a giant spiked club.
* * * LOW HITPOINT WARNING * * *
The iguana bites you!
You die...

.. .# .. #### .## #...
.. #.## .. ##.######
#.## ....###†l.....#
#... ....<.O♣# ####
.....##.################
?.. #.............##...
. #############.##.##
#.##.# ##########....#
#........##...#
#........##.####
#........#......


You could see an ogre and an iguana.

Vanquished Creatures
  3 adders
  5 oozes
  3 worms
  4 dart slugs
  5 orcs
  5 giant cockroaches
  5 goblins
  6 hobgoblins
  4 jackals (D:1)
  3 kobolds
  2 quokkas
  A ball python (D:3)
  7 bats
  4 frilled lizards
  6 rats
63 creatures vanquished.

Notes
Turn   | Place    | Note
-------+----------+-------------------------------------------
     0 | D:1      | Alarkh the Demonspawn Fighter began the quest for the Orb.
     0 | D:1      | Reached XP level 1. HP: 18/18 MP: 1/1
     1 | D:1      | Found a runed door.
    33 | D:1      | Reached skill level 2 in Long Blades
   236 | D:1      | Gained mutation: You sometimes gain a little power by taking damage. [demonic ancestry]
   236 | D:1      | Reached XP level 2. HP: 23/24 MP: 2/2
   645 | D:1      | Reached skill level 3 in Long Blades
   658 | D:1      | Reached XP level 3. HP: 26/29 MP: 3/3
   907 | D:2      | Gained mutation: You sometimes gain power by taking damage. [demonic ancestry]
   907 | D:2      | Reached XP level 4. HP: 29/35 MP: 4/4
   920 | D:2      | Reached skill level 4 in Long Blades
  1011 | D:2      | Found a hide-covered altar of Uskayaw.
  1080 | D:2      | Found a glowing golden altar of the Shining One.
  1988 | D:4      | Noticed an ogre
  2000 | D:4      | Slain by an iguana

Vault maps used:
D:1:      dpeg_arrival_caged_fury
D:2:      nicolae_overflow_crystal_walls, lemuel_doored_altar
D:3:      first_ration, serial_glass, glass_columns_b, glass_columns_a,
          feat_on_display
D:4:      nicolae_ru_sacrificial_ziggurat, serial_shops, shop

Skill      XL: |  1  2  3  4 |
---------------+-------------+-----
Long Blades    | 2 3 4 |  4.7
Fighting       | |  3.0
Armour         | |  2.6
Shields        | |  2.6

Action                   |  1- 3 |  4- 6 || total
-------------------------+-------+-------++-------
Melee: Long sword        |    84 |    98 ||   182
  Use: Potion            |     2 |     1 ||     3
  Eat: Chunk             |       |     4 ||     4
Armor: Scale mail        |    29 |    43 ||    72
       Skin              |       |     8 ||     8
Dodge: Dodged            |    17 |    24 ||    41
Block: Shield            |    26 |    44 ||    70
       Rpst.: Long sword |     8 |     6 ||    14

Table legend:
 A = Spawn XP
 B = Non-spawn XP
 C = Spawn XP percentage of total XP
 D = Spawn monster count
 E = Non-spawn monster count
 F = Spawn count percentage of total count
 G = Total turns spent on level
                    A         B        C        D         E        F      G
               +---------+---------+-------+---------+---------+-------+---------
         Total |       0 |     186 |   0.0 |       0 |      63 |   0.0 |  2000
               +---------+---------+-------+---------+---------+-------+---------
           D:1 |       0 |      66 |   0.0 |       0 |      26 |   0.0 |   691
           D:2 |       0 |      49 |   0.0 |       0 |      18 |   0.0 |   659
           D:3 |       0 |      53 |   0.0 |       0 |      13 |   0.0 |   531
           D:4 |       0 |      18 |   0.0 |       0 |       6 |   0.0 |   119
               +---------+---------+-------+---------+---------+-------+---------
